Red Wings vs Rangers
Created - 2 mars 2017 at 19:22
Goals
|
| Red Wings |
2 |
0 |
1 |
3 |
| Rangers |
1 |
2 |
3 |
6 |
|
Shots
|
| Red Wings |
10 |
15 |
18 |
43 |
| Rangers |
10 |
12 |
11 |
33 |
|
1st period
1. Rangers , Artem Anisimov 8 (Cam Barker) at 7:01
2. Red Wings , Phil Kessel 26 (Mike Richards, Rick Nash) at 7:07
3. Red Wings , Sean Bergenheim 16 (Tyler Johnson) at 12:21
Penalties :
Chris Bourque (NYR) for High sticking (Minor) at 13:28
2nd period
4. Rangers , Cam Barker 11 (Patrice Bergeron, Darren Reid) at 3:36 (PP)
5. Rangers , Jakob Silfverberg 26 (Milan Lucic, Mark Fistric) at 4:03
Penalties :
Sean Bergenheim (Det) for Hooking (Minor) at 1:45, Patrice Bergeron (NYR) for Roughing (Minor) at 7:16, Mike Richards (Det) for Cross-checking (Minor) at 18:11
3rd period
6. Rangers , Darren Reid 8 (Chris Bourque, Cam Barker) at 13:23
7. Red Wings , Tomas Plekanec 9 (Ales Hemsky) at 15:36
8. Rangers , Cam Barker 12 (Chris Bourque, Artem Anisimov) at 15:42
9. Rangers , Matt Read 11 (Chris Bourque) at 19:30
Penalties :
Darren Reid (NYR) for Hooking (Minor) at 0:26, Darren Reid (NYR) for Roughing (Minor) at 2:50, Matt Read (NYR) for Holding (Minor) at 0:00
Goalie Stats
Mike McKenna (Det), 27 saves from 33 shots - (0,818), L, 0-3-0, 60:00 minutes
Henrik Lundqvist (NYR), 40 saves from 43 shots - (0,930), W, 18-11-1, 60:00 minutes
Players Stats for Red Wings
Player Name G A P +/- PIM S H SB GA TA FO MP PP MP PK MP
------------------------------------------------------------------------------------
Adam Henrique 0 0 0 0 0 2 1 0 0 0 1/2 14:28 3:44 0:00
Ales Hemsky 0 1 1 0 0 2 1 0 0 0 1/1 10:53 0:00 0:00
Alex Picard 0 0 0 0 0 2 0 0 0 0 0/0 8:27 0:00 0:00
Chris Campoli 0 0 0 1 0 1 0 0 0 1 0/0 12:09 0:00 0:00
Filip Kuba 0 0 0 0 0 0 1 1 0 2 0/0 21:36 3:09 1:53
Mike Brown 0 0 0 0 0 0 1 1 0 0 1/1 8:13 0:00 0:00
Mike Richards 0 1 1 -1 2 5 6 0 1 0 20/34 20:30 4:12 0:00
Nate Thompson 0 0 0 0 0 1 2 0 0 0 2/2 8:13 0:00 0:00
Ole-Kristian Tollefsen 0 0 0 -3 0 2 3 2 2 2 0/0 26:15 4:47 1:57
Phil Kessel 1 0 1 -1 0 5 0 0 2 1 1/1 20:18 4:12 0:00
Rick Nash 0 1 1 -1 0 5 1 1 0 2 0/0 22:29 4:12 1:58
Sean Bergenheim 1 0 1 -1 2 3 1 1 0 0 1/3 16:32 3:44 0:00
Shea Weber 0 0 0 -3 0 2 2 1 2 0 0/0 26:27 4:47 1:53
Stephane Robidas 0 0 0 0 0 2 1 2 1 0 0/0 19:27 3:09 0:00
Steve Downie 0 0 0 -1 0 1 1 2 0 0 0/0 14:36 0:00 1:52
Tim Ramholt 0 0 0 1 0 1 0 0 0 0 0/0 14:06 0:00 1:57
Tomas Plekanec 1 0 1 0 0 4 1 0 1 0 5/11 13:04 0:00 1:58
Tyler Johnson 0 1 1 -1 0 5 0 2 0 0 8/16 18:25 3:44 1:52
Players Stats for Rangers
Player Name G A P +/- PIM S H SB GA TA FO MP PP MP PK MP
------------------------------------------------------------------------------------
Alexei Emelin 0 0 0 0 0 0 1 1 0 0 0/0 12:01 0:00 0:00
Artem Anisimov 1 1 2 2 0 4 3 0 0 0 3/9 10:52 0:00 0:00
Cam Barker 2 2 4 2 0 2 0 5 0 1 0/0 28:35 2:02 4:57
Chris Bourque 0 3 3 3 2 2 1 0 0 1 1/1 12:40 0:00 1:33
Darren Reid 1 1 2 2 4 2 3 1 3 1 0/0 13:26 2:07 0:00
Devante Smith-Pelly 0 0 0 0 0 0 0 0 0 0 0/0 7:32 0:00 0:00
Jakob Silfverberg 1 0 1 -1 0 1 1 1 3 0 1/2 18:37 1:43 0:00
Mark Fistric 0 1 1 2 0 1 2 0 0 3 0/0 28:35 2:02 4:57
Matt Greene 0 0 0 0 0 1 2 2 0 0 0/0 19:24 1:48 2:59
Matt Read 1 0 1 1 2 2 0 0 0 0 0/0 12:04 0:00 0:00
Mike Cammalleri 0 0 0 0 0 2 2 0 0 0 0/0 16:50 1:43 3:04
Milan Lucic 0 1 1 -1 0 6 2 0 0 0 2/11 23:48 2:07 4:31
Nathan Gerbe 0 0 0 0 0 3 0 0 0 0 0/0 8:18 0:00 0:21
Patrice Bergeron 0 1 1 -1 2 3 2 1 2 1 16/28 23:08 2:07 3:30
Ryan Suter 0 0 0 0 0 0 1 2 0 1 0/0 19:24 1:48 2:59
Staffan Kronwall 0 0 0 0 0 1 2 0 0 1 0/0 12:01 0:00 0:00
Stephen Weiss 0 0 0 0 0 3 2 0 0 0 7/16 16:27 1:43 2:41
Valtteri Filppula 0 0 0 1 0 0 0 0 0 0 1/4 8:18 0:00 0:12
3 Stars
1 - Cam Barker (NYR)
2 - Artem Anisimov (NYR)
3 - Chris Bourque (NYR)
Power Play
Red Wings - 0 on 5 Attempt(s) - 0,00%
Rangers - 1 on 2 Attempt(s) - 50,00%
Penalty Kill
Red Wings - 1 on 2 Attempt(s) - 50,00%
- Score 0 goal in Penalty Kill
Rangers - 5 on 5 Attempt(s) - 100,00%
- Score 0 goal in Penalty Kill
Team Stat
Red Wings - Hits : 22 - Faceoff Wins : 40 - Blocked Shots : 13 - Penalty Minutes : 4
Rangers - Hits : 24 - Faceoff Wins : 31 - Blocked Shots : 13 - Penalty Minutes : 10
Official
Referees : Fraser Kerry and Kozari Steve
Linesman : Lyle Seitz and Michel Cormier
Game Notes
No Game Note
Finance
Level 1 -- Attendance: 4895 (81,58%) -- Ticket Income 440 550 $
Level 2 -- Attendance: 3919 (78,38%) -- Ticket Income 215 545 $
Level 3 -- Attendance: 2000 (100,00%) -- Ticket Income 60 000 $
Level 4 -- Attendance: 3660 (91,50%) -- Ticket Income 73 200 $
Luxury Box -- Attendance: 743 (74,30%) -- Ticket Income 130 025 $
Game was played at the Madison Square Garden.
Total Attendance: 15217 (84,54%)
Total Ticket Income: 919 320 $
Other Income: 137 898 $
Total Income: 1 057 218 $
Red Wings
5 vs 5 Forward
Center Left Wing Right Wing Time % Phy DF OF
1 Mike Richards Rick Nash Phil Kessel 40 0 2 3
2 Tyler Johnson Sean Bergenheim Steve Downie 30 0 3 2
3 Tomas Plekanec Adam Henrique Ales Hemsky 20 0 3 2
4 Nate Thompson Alex Picard Mike Brown 10 1 2 2
5 vs 5 Defense
Defense Defense Time % Phy DF OF
1 Shea Weber Ole-Kristian Tollefsen 40 0 3 2
2 Stephane Robidas Filip Kuba 35 0 3 2
3 Chris Campoli Tim Ramholt 15 1 3 1
4 Chris Campoli Tim Ramholt 10 1 3 1
PowerPlay Forward
Center Left Wing Right Wing Time % Phy DF OF
1 Mike Richards Rick Nash Phil Kessel 60 0 1 4
2 Tyler Johnson Adam Henrique Sean Bergenheim 40 0 1 4
PowerPlay Defense
Defense Defense Time % Phy DF OF
1 Shea Weber Ole-Kristian Tollefsen 60 0 2 3
2 Filip Kuba Stephane Robidas 40 0 2 3
Penalty Kill 4 Players Forward
Center Wing Time % Phy DF OF
1 Tyler Johnson Steve Downie 50 1 2 2
2 Tomas Plekanec Rick Nash 50 1 2 2
Penalty Kill 4 Players Defense
Defense Defense Time % Phy DF OF
1 Tim Ramholt Ole-Kristian Tollefsen 50 1 2 2
2 Shea Weber Filip Kuba 50 1 2 2
Penalty Kill - 3 Players Forward
Forward Time % Phy DF OF
1 Tyler Johnson 60 1 2 2
2 Steve Downie 40 1 2 2
Penalty Kill - 3 Players Defense
Defense Defense Time % Phy DF OF
1 Tim Ramholt Ole-Kristian Tollefsen 50 1 2 2
2 Shea Weber Filip Kuba 50 1 2 2
4 vs 4 Forward
Center Wing Time % Phy DF OF
1 Mike Richards Rick Nash 60 1 2 2
2 Tyler Johnson Sean Bergenheim 40 1 2 2
4 vs 4 Defense
Defense Defense Time % Phy DF OF
1 Shea Weber Ole-Kristian Tollefsen 60 1 2 2
2 Stephane Robidas Filip Kuba 40 1 2 2
Last Minutes Offensive
Center Left Wing Right Wing Defense Defense
Mike Richards Rick Nash Phil Kessel Shea Weber Ole-Kristian Tollefsen
Last Minutes Defensive
Center Left Wing Right Wing Defense Defense
Tyler Johnson Rick Nash Steve Downie Shea Weber Ole-Kristian Tollefsen
Goaltenders
Starting : Mike McKenna
Backup : Joe Fallon
Extra Forwards
Normal : Rick Nash, Sean Bergenheim, Adam Henrique - PP : Steve Downie, Ales Hemsky - PK : Mike Brown
Extra Defensemen
Normal : Shea Weber, Ole-Kristian Tollefsen, Chris Campoli - PP : Chris Campoli - PK : Ole-Kristian Tollefsen, Stephane Robidas
Penalty Shots
Rick Nash, Mike Richards, Steve Downie, Shea Weber, Phil Kessel
Rangers
5 vs 5 Forward
Center Left Wing Right Wing Time % Phy DF OF
1 Patrice Bergeron Milan Lucic Jakob Silfverberg 40 1 2 2
2 Stephen Weiss Mike Cammalleri Matt Read 30 1 2 2
3 Artem Anisimov Chris Bourque Darren Reid 20 1 2 2
4 Valtteri Filppula Nathan Gerbe Devante Smith-Pelly 10 1 2 2
5 vs 5 Defense
Defense Defense Time % Phy DF OF
1 Cam Barker Mark Fistric 40 1 2 2
2 Matt Greene Ryan Suter 30 1 2 2
3 Alexei Emelin Staffan Kronwall 20 1 2 2
4 Cam Barker Mark Fistric 10 1 2 2
PowerPlay Forward
Center Left Wing Right Wing Time % Phy DF OF
1 Patrice Bergeron Milan Lucic Darren Reid 60 1 2 2
2 Stephen Weiss Mike Cammalleri Jakob Silfverberg 40 1 2 2
PowerPlay Defense
Defense Defense Time % Phy DF OF
1 Cam Barker Mark Fistric 60 1 2 2
2 Matt Greene Ryan Suter 40 1 2 2
Penalty Kill 4 Players Forward
Center Wing Time % Phy DF OF
1 Milan Lucic Patrice Bergeron 60 1 2 2
2 Stephen Weiss Mike Cammalleri 40 1 2 2
Penalty Kill 4 Players Defense
Defense Defense Time % Phy DF OF
1 Cam Barker Mark Fistric 60 1 2 2
2 Matt Greene Ryan Suter 40 1 2 2
Penalty Kill - 3 Players Forward
Forward Time % Phy DF OF
1 Milan Lucic 60 1 2 2
2 Patrice Bergeron 40 1 2 2
Penalty Kill - 3 Players Defense
Defense Defense Time % Phy DF OF
1 Cam Barker Mark Fistric 60 1 2 2
2 Matt Greene Ryan Suter 40 1 2 2
4 vs 4 Forward
Center Wing Time % Phy DF OF
1 Milan Lucic Patrice Bergeron 60 1 2 2
2 Stephen Weiss Mike Cammalleri 40 1 2 2
4 vs 4 Defense
Defense Defense Time % Phy DF OF
1 Cam Barker Mark Fistric 60 1 2 2
2 Matt Greene Ryan Suter 40 1 2 2
Last Minutes Offensive
Center Left Wing Right Wing Defense Defense
Patrice Bergeron Milan Lucic Darren Reid Cam Barker Mark Fistric
Last Minutes Defensive
Center Left Wing Right Wing Defense Defense
Patrice Bergeron Milan Lucic Darren Reid Cam Barker Mark Fistric
Goaltenders
Starting : Henrik Lundqvist
Backup : Hannu Toivonen
Extra Forwards
Normal : Matt Read, Valtteri Filppula, Chris Bourque - PP : Matt Read, Valtteri Filppula - PK : Chris Bourque
Extra Defensemen
Normal : Alexei Emelin, Staffan Kronwall, Matt Greene - PP : Alexei Emelin - PK : Staffan Kronwall, Matt Greene
Penalty Shots
Milan Lucic, Patrice Bergeron, Stephen Weiss, Mike Cammalleri, Darren Reid
% Time on Ice - Red Wings
Lines # - Real PCT - Wanted PCT - Time Play
Normal Forward
1 - 33% - 40% - 16:06
2 - 27% - 30% - 13:02
3 - 23% - 20% - 10:53
4 - 17% - 10% - 8:13
Normal Defense
1 - 40% - 40% - 19:31
2 - 34% - 35% - 16:34
3 - 17% - 15% - 7:59
4 - 9% - 10% - 4:10
PP Forward
1 - 53% - 60% - 4:12
2 - 47% - 40% - 3:44
PP Defense
1 - 60% - 60% - 4:47
2 - 40% - 40% - 3:09
PK Forward
1 - 49% - 50% - 1:52
2 - 51% - 50% - 1:58
PK Defense
1 - 51% - 50% - 1:57
2 - 49% - 50% - 1:53
PK3 Forward
1 - 0% - 60%
2 - 0% - 40%
PK3 Defense
1 - 0% - 50%
2 - 0% - 50%
44 Forward
1 - 0% - 60%
2 - 0% - 40%
44 Defense
1 - 0% - 60%
2 - 0% - 40%
Last Minute Offensive - 0:00
Last Minute Defensive - 0:00
Total
Forward - 60:00
Defense - 60:00
|
% Time on Ice - Rangers
Lines # - Real PCT - Wanted PCT - Time Play
Normal Forward
1 - 37% - 40% - 17:48
2 - 25% - 30% - 12:02
3 - 23% - 20% - 10:52
4 - 16% - 10% - 7:32
Normal Defense
1 - 41% - 40% - 19:52
2 - 30% - 30% - 14:37
3 - 25% - 20% - 12:01
4 - 4% - 10% - 1:44
PP Forward
1 - 55% - 60% - 2:07
2 - 45% - 40% - 1:43
PP Defense
1 - 53% - 60% - 2:02
2 - 47% - 40% - 1:48
PK Forward
1 - 78% - 60% - 6:09
2 - 22% - 40% - 1:47
PK Defense
1 - 62% - 60% - 4:57
2 - 38% - 40% - 2:59
PK3 Forward
1 - 0% - 60%
2 - 0% - 40%
PK3 Defense
1 - 0% - 60%
2 - 0% - 40%
44 Forward
1 - 0% - 60%
2 - 0% - 40%
44 Defense
1 - 0% - 60%
2 - 0% - 40%
Last Minute Offensive - 0:00
Last Minute Defensive - 0:00
Total
Forward - 60:00
Defense - 60:00
|
Play by Play
1st period
0:01 of 1st period - Mike Richards wins face-off versus Patrice Bergeron in neutral zone.
0:10 of 1st period - Snap shot by Phil Kessel.
0:10 of 1st period - Shot Misses the Net.
0:27 of 1st period - Icing by Rick Nash.
0:28 of 1st period - Stephen Weiss wins face-off versus Tyler Johnson in Red Wings zone.
1:53 of 1st period - Milan Lucic is hit by Mike Richards and loses puck.
2:30 of 1st period - Wrist shot by Chris Bourque.
2:30 of 1st period - Shot Blocked by Shea Weber.
2:32 of 1st period - Slapshot by Ryan Suter.
2:32 of 1st period - Deflect By Artem Anisimov.
2:32 of 1st period - Stopped by Mike McKenna with a rebound.
2:34 of 1st period - Backhand shot by Ryan Suter.
2:34 of 1st period - Shot Blocked by Ole-Kristian Tollefsen.
2:58 of 1st period - Snap shot by Alex Picard.
2:58 of 1st period - Stopped by Henrik Lundqvist with a rebound.
3:14 of 1st period - Snap shot by Tyler Johnson.
3:14 of 1st period - Shot Misses the Net.
3:16 of 1st period - Slapshot by Tyler Johnson.
3:16 of 1st period - Shot Misses the Net.
3:36 of 1st period - Wrist shot by Mike Richards.
3:36 of 1st period - Shot Misses the Net.
3:38 of 1st period - Slapshot by Stephane Robidas.
3:38 of 1st period - Shot Blocked by Cam Barker.
3:40 of 1st period - Slapshot by Stephane Robidas.
3:40 of 1st period - Deflect By Phil Kessel.
3:40 of 1st period - Shot Misses the Net.
3:40 of 1st period - Puck is out of play.
3:41 of 1st period - Tomas Plekanec wins face-off versus Jakob Silfverberg in Rangers zone.
3:48 of 1st period - Wrist shot by Adam Henrique.
3:48 of 1st period - Stopped by Henrik Lundqvist with a rebound.
4:31 of 1st period - Cam Barker is hit by Nate Thompson and loses puck.
4:58 of 1st period - Snap shot by Milan Lucic.
4:58 of 1st period - Shot Misses the Net.
5:09 of 1st period - Icing by Ole-Kristian Tollefsen.
5:10 of 1st period - Valtteri Filppula wins face-off versus Sean Bergenheim in Red Wings zone.
5:21 of 1st period - Snap shot by Stephen Weiss.
5:21 of 1st period - Shot Misses the Net.
5:43 of 1st period - Mike Richards is hit by Staffan Kronwall.
5:59 of 1st period - Tomas Plekanec is hit by Darren Reid and loses puck.
6:08 of 1st period - Wrist shot by Artem Anisimov.
6:08 of 1st period - Stopped by Mike McKenna without a rebound.
6:09 of 1st period - Mike Richards wins face-off versus Stephen Weiss in Red Wings zone.
7:01 of 1st period - Wrist shot by Artem Anisimov.
7:01 of 1st period - Goal by Artem Anisimov - Red Wings : 0 - Rangers : 1.
7:02 of 1st period - Mike Richards wins face-off versus Patrice Bergeron in neutral zone.
7:07 of 1st period - Backhand shot by Phil Kessel.
7:07 of 1st period - Goal by Phil Kessel - Red Wings : 1 - Rangers : 1.
7:08 of 1st period - Patrice Bergeron wins face-off versus Mike Richards in neutral zone.
7:15 of 1st period - Backhand shot by Milan Lucic.
7:15 of 1st period - Shot Misses the Net.
7:21 of 1st period - Snap shot by Milan Lucic.
7:21 of 1st period - Stopped by Mike McKenna without a rebound.
7:22 of 1st period - Stephen Weiss wins face-off versus Mike Richards in Red Wings zone.
7:31 of 1st period - Wrist shot by Mike Cammalleri.
7:31 of 1st period - Stopped by Mike McKenna without a rebound.
7:32 of 1st period - Stephen Weiss wins face-off versus Mike Richards in Red Wings zone.
7:35 of 1st period - Snap shot by Stephen Weiss.
7:35 of 1st period - Stopped by Mike McKenna without a rebound.
7:36 of 1st period - Mike Richards wins face-off versus Milan Lucic in Red Wings zone.
7:48 of 1st period - Snap shot by Rick Nash.
7:48 of 1st period - Shot Misses the Net.
8:30 of 1st period - Snap shot by Ales Hemsky.
8:30 of 1st period - Shot Misses the Net.
9:07 of 1st period - Snap shot by Tomas Plekanec.
9:07 of 1st period - Stopped by Henrik Lundqvist without a rebound.
9:08 of 1st period - Mike Richards wins face-off versus Valtteri Filppula in Rangers zone.
9:25 of 1st period - Slapshot by Phil Kessel.
9:25 of 1st period - Shot Blocked by Cam Barker.
9:47 of 1st period - Snap shot by Tyler Johnson.
9:47 of 1st period - Stopped by Henrik Lundqvist with a rebound.
10:17 of 1st period - Matt Greene is hit by Mike Richards and loses puck.
10:26 of 1st period - Wrist shot by Darren Reid.
10:26 of 1st period - Shot Misses the Net.
11:30 of 1st period - Wrist shot by Mike Cammalleri.
11:30 of 1st period - Shot Blocked by Mike Brown.
12:11 of 1st period - Snap shot by Ales Hemsky.
12:11 of 1st period - Deflect By Milan Lucic.
12:11 of 1st period - Shot Blocked by Jakob Silfverberg.
12:11 of 1st period - Puck is out of play.
12:12 of 1st period - Tyler Johnson wins face-off versus Patrice Bergeron in Rangers zone.
12:17 of 1st period - Wrist shot by Steve Downie.
12:17 of 1st period - Shot Hit the Post.
12:19 of 1st period - Slapshot by Tyler Johnson.
12:19 of 1st period - Stopped by Henrik Lundqvist without a rebound.
12:20 of 1st period - Tyler Johnson wins face-off versus Patrice Bergeron in Rangers zone.
12:21 of 1st period - Wrist shot by Sean Bergenheim.
12:21 of 1st period - Goal by Sean Bergenheim - Red Wings : 2 - Rangers : 1.
12:22 of 1st period - Mike Richards wins face-off versus Patrice Bergeron in neutral zone.
12:34 of 1st period - Icing by Ole-Kristian Tollefsen.
12:35 of 1st period - Stephen Weiss wins face-off versus Mike Richards in Red Wings zone.
12:36 of 1st period - Slapshot by Mike Cammalleri.
12:36 of 1st period - Shot Misses the Net.
12:44 of 1st period - Wrist shot by Mike Cammalleri.
12:44 of 1st period - Shot Misses the Net.
12:46 of 1st period - Wrist shot by Mike Cammalleri.
12:46 of 1st period - Stopped by Mike McKenna without a rebound.
12:47 of 1st period - Mike Richards wins face-off versus Patrice Bergeron in Red Wings zone.
13:19 of 1st period - Wrist shot by Phil Kessel.
13:19 of 1st period - Shot Misses the Net.
13:28 of 1st period - Minor Penalty to Chris Bourque for High sticking.
13:29 of 1st period - Milan Lucic wins face-off versus Tyler Johnson in Rangers zone.
13:41 of 1st period - Slapshot by Shea Weber.
13:41 of 1st period - Shot Misses the Net.
13:43 of 1st period - Wrist shot by Tyler Johnson.
13:43 of 1st period - Stopped by Henrik Lundqvist without a rebound.
13:44 of 1st period - Mike Richards wins face-off versus Milan Lucic in Rangers zone.
14:14 of 1st period - Icing by Tyler Johnson.
14:15 of 1st period - Tyler Johnson wins face-off versus Milan Lucic in Red Wings zone.
15:02 of 1st period - Mark Fistric is hit by Mike Richards and loses puck.
15:28 of 1st period - Penalty to Chris Bourque is over, Chris Bourque is back on ice.
15:59 of 1st period - Wrist shot by Nathan Gerbe.
15:59 of 1st period - Stopped by Mike McKenna with a rebound.
16:03 of 1st period - Wrist shot by Nathan Gerbe.
16:03 of 1st period - Shot Misses the Net.
16:05 of 1st period - Slapshot by Valtteri Filppula.
16:05 of 1st period - Shot Blocked by Stephane Robidas.
16:07 of 1st period - Snap shot by Valtteri Filppula.
16:07 of 1st period - Shot Misses the Net.
16:09 of 1st period - Slapshot by Staffan Kronwall.
16:09 of 1st period - Stopped by Mike McKenna with a rebound.
17:46 of 1st period - Tim Ramholt is hit by Stephen Weiss and loses puck.
18:07 of 1st period - Backhand shot by Rick Nash.
18:07 of 1st period - Stopped by Henrik Lundqvist without a rebound.
18:08 of 1st period - Mike Richards wins face-off versus Patrice Bergeron in Rangers zone.
18:13 of 1st period - Snap shot by Phil Kessel.
18:13 of 1st period - Shot Misses the Net.
18:39 of 1st period - Cam Barker is hit by Steve Downie and loses puck.
18:58 of 1st period - Darren Reid is hit by Stephane Robidas and loses puck.
19:05 of 1st period - Wrist shot by Ales Hemsky.
19:05 of 1st period - Deflect By Matt Greene.
19:05 of 1st period - Shot Blocked by Matt Greene.
19:05 of 1st period - Puck is out of play.
19:06 of 1st period - Patrice Bergeron wins face-off versus Mike Richards in Rangers zone.
19:06 of 1st period - Patrice Bergeron is hit by Ole-Kristian Tollefsen.
19:20 of 1st period - Slapshot by Rick Nash.
19:20 of 1st period - Stopped by Henrik Lundqvist with a rebound.
19:22 of 1st period - Wrist shot by Shea Weber.
19:22 of 1st period - Shot Misses the Net.
19:32 of 1st period - Shea Weber is hit by Matt Greene and loses puck.
19:43 of 1st period - Snap shot by Stephen Weiss.
19:43 of 1st period - Stopped by Mike McKenna with a rebound.
19:57 of 1st period - Snap shot by Ales Hemsky.
19:57 of 1st period - Deflect By Tomas Plekanec.
19:57 of 1st period - Shot Blocked by Darren Reid.
19:57 of 1st period - Puck is out of play.
19:58 of 1st period - Chris Bourque wins face-off versus Tomas Plekanec in Rangers zone.
Goals for this period are 2 for Red Wings vs 1 for Rangers.
Shots for this period are 10 for Red Wings vs 10 for Rangers.
2nd period
0:01 of 2nd period - Phil Kessel wins face-off versus Patrice Bergeron in neutral zone.
0:06 of 2nd period - Snap shot by Mike Richards.
0:06 of 2nd period - Shot Blocked by Cam Barker.
0:31 of 2nd period - Stephane Robidas is hit by Artem Anisimov and loses puck.
1:12 of 2nd period - Mark Fistric is hit by Mike Brown and loses puck.
1:39 of 2nd period - Slapshot by Milan Lucic.
1:39 of 2nd period - Stopped by Mike McKenna with a rebound.
1:45 of 2nd period - Minor Penalty to Sean Bergenheim for Hooking.
1:46 of 2nd period - Tyler Johnson wins face-off versus Patrice Bergeron in Red Wings zone.
2:21 of 2nd period - Ole-Kristian Tollefsen is hit by Mike Cammalleri and loses puck.
2:32 of 2nd period - Steve Downie is hit by Patrice Bergeron and loses puck.
3:07 of 2nd period - Icing by Patrice Bergeron.
3:08 of 2nd period - Patrice Bergeron wins face-off versus Tyler Johnson in Rangers zone.
3:14 of 2nd period - Off-side.
3:15 of 2nd period - Tomas Plekanec wins face-off versus Stephen Weiss in neutral zone.
3:18 of 2nd period - Wrist shot by Shea Weber.
3:18 of 2nd period - Stopped by Henrik Lundqvist with a rebound.
3:20 of 2nd period - Slapshot by Filip Kuba.
3:20 of 2nd period - Shot Misses the Net.
3:22 of 2nd period - Slapshot by Filip Kuba.
3:22 of 2nd period - Shot Misses the Net.
3:24 of 2nd period - Slapshot by Shea Weber.
3:24 of 2nd period - Stopped by Henrik Lundqvist without a rebound.
3:25 of 2nd period - Patrice Bergeron wins face-off versus Tyler Johnson in Rangers zone.
3:32 of 2nd period - Snap shot by Darren Reid.
3:32 of 2nd period - Shot Misses the Net.
3:34 of 2nd period - Slapshot by Patrice Bergeron.
3:34 of 2nd period - Shot Misses the Net.
3:36 of 2nd period - Slapshot by Cam Barker.
3:36 of 2nd period - Goal by Cam Barker - Red Wings : 2 - Rangers : 2.
3:37 of 2nd period - Patrice Bergeron wins face-off versus Mike Richards in neutral zone.
3:44 of 2nd period - Backhand shot by Milan Lucic.
3:44 of 2nd period - Stopped by Mike McKenna without a rebound.
3:45 of 2nd period - Mike Richards wins face-off versus Milan Lucic in Red Wings zone.
3:49 of 2nd period - Off-side.
3:50 of 2nd period - Patrice Bergeron wins face-off versus Mike Richards in neutral zone.
3:57 of 2nd period - Slapshot by Mark Fistric.
3:57 of 2nd period - Stopped by Mike McKenna with a rebound.
3:59 of 2nd period - Wrist shot by Milan Lucic.
3:59 of 2nd period - Stopped by Mike McKenna with a rebound.
4:01 of 2nd period - Slapshot by Milan Lucic.
4:01 of 2nd period - Stopped by Mike McKenna with a rebound.
4:03 of 2nd period - Slapshot by Jakob Silfverberg.
4:03 of 2nd period - Goal by Jakob Silfverberg - Red Wings : 2 - Rangers : 3.
4:04 of 2nd period - Patrice Bergeron wins face-off versus Mike Richards in neutral zone.
4:47 of 2nd period - Stephane Robidas is hit by Patrice Bergeron.
4:53 of 2nd period - Snap shot by Milan Lucic.
4:53 of 2nd period - Shot Blocked by Tyler Johnson.
4:55 of 2nd period - Wrist shot by Milan Lucic.
4:55 of 2nd period - Stopped by Mike McKenna without a rebound.
4:56 of 2nd period - Sean Bergenheim wins face-off versus Stephen Weiss in Red Wings zone.
5:11 of 2nd period - Wrist shot by Mike Cammalleri.
5:11 of 2nd period - Shot Blocked by Steve Downie.
5:21 of 2nd period - Artem Anisimov is hit by Mike Richards and loses puck.
5:50 of 2nd period - Wrist shot by Ales Hemsky.
5:50 of 2nd period - Stopped by Henrik Lundqvist with a rebound.
6:23 of 2nd period - Wrist shot by Jakob Silfverberg.
6:23 of 2nd period - Shot Blocked by Tyler Johnson.
6:46 of 2nd period - Wrist shot by Phil Kessel.
6:46 of 2nd period - Shot Blocked by Cam Barker.
6:50 of 2nd period - Slapshot by Rick Nash.
6:50 of 2nd period - Deflect By Phil Kessel.
6:50 of 2nd period - Stopped by Henrik Lundqvist with a rebound.
6:52 of 2nd period - Wrist shot by Rick Nash.
6:52 of 2nd period - Stopped by Henrik Lundqvist without a rebound.
6:53 of 2nd period - Patrice Bergeron wins face-off versus Tyler Johnson in Rangers zone.
7:06 of 2nd period - Snap shot by Milan Lucic.
7:06 of 2nd period - Shot Blocked by Steve Downie.
7:16 of 2nd period - Minor Penalty to Patrice Bergeron for Roughing.
7:17 of 2nd period - Mike Richards wins face-off versus Milan Lucic in Rangers zone.
7:26 of 2nd period - Snap shot by Mike Richards.
7:26 of 2nd period - Stopped by Henrik Lundqvist with a rebound.
7:44 of 2nd period - Cam Barker is hit by Adam Henrique and loses puck.
9:16 of 2nd period - Penalty to Patrice Bergeron is over, Patrice Bergeron is back on ice.
9:37 of 2nd period - Slapshot by Patrice Bergeron.
9:37 of 2nd period - Stopped by Mike McKenna without a rebound.
9:38 of 2nd period - Tomas Plekanec wins face-off versus Artem Anisimov in Red Wings zone.
10:14 of 2nd period - Off-side.
10:15 of 2nd period - Tyler Johnson wins face-off versus Patrice Bergeron in neutral zone.
10:40 of 2nd period - Phil Kessel is hit by Mark Fistric.
10:46 of 2nd period - Wrist shot by Matt Read.
10:46 of 2nd period - Shot Misses the Net.
11:56 of 2nd period - Slapshot by Matt Greene.
11:56 of 2nd period - Stopped by Mike McKenna without a rebound.
11:57 of 2nd period - Stephen Weiss wins face-off versus Mike Richards in Red Wings zone.
12:04 of 2nd period - Backhand shot by Stephen Weiss.
12:04 of 2nd period - Shot Blocked by Rick Nash.
12:06 of 2nd period - Snap shot by Matt Read.
12:06 of 2nd period - Stopped by Mike McKenna without a rebound.
12:07 of 2nd period - Mike Richards wins face-off versus Stephen Weiss in Red Wings zone.
12:07 of 2nd period - Mike Richards is hit by Alexei Emelin.
12:24 of 2nd period - Off-side.
12:25 of 2nd period - Patrice Bergeron wins face-off versus Sean Bergenheim in neutral zone.
12:33 of 2nd period - Wrist shot by Ole-Kristian Tollefsen.
12:33 of 2nd period - Shot Misses the Net.
12:52 of 2nd period - Mike Cammalleri is hit by Rick Nash and loses puck.
13:01 of 2nd period - Wrist shot by Rick Nash.
13:01 of 2nd period - Stopped by Henrik Lundqvist with a rebound.
13:32 of 2nd period - Icing by Chris Bourque.
13:33 of 2nd period - Nate Thompson wins face-off versus Valtteri Filppula in Rangers zone.
13:34 of 2nd period - Slapshot by Alex Picard.
13:34 of 2nd period - Shot Blocked by Cam Barker.
13:36 of 2nd period - Snap shot by Alex Picard.
13:36 of 2nd period - Stopped by Henrik Lundqvist without a rebound.
13:37 of 2nd period - Mike Brown wins face-off versus Valtteri Filppula in Rangers zone.
13:38 of 2nd period - Snap shot by Nate Thompson.
13:38 of 2nd period - Shot Misses the Net.
14:04 of 2nd period - Snap shot by Alex Picard.
14:04 of 2nd period - Shot Misses the Net.
14:06 of 2nd period - Snap shot by Mike Brown.
14:06 of 2nd period - Shot Blocked by Ryan Suter.
14:08 of 2nd period - Slapshot by Chris Campoli.
14:08 of 2nd period - Shot Blocked by Ryan Suter.
14:10 of 2nd period - Slapshot by Chris Campoli.
14:10 of 2nd period - Stopped by Henrik Lundqvist with a rebound.
14:12 of 2nd period - Snap shot by Alex Picard.
14:12 of 2nd period - Shot Misses the Net.
14:14 of 2nd period - Slapshot by Tim Ramholt.
14:14 of 2nd period - Stopped by Henrik Lundqvist without a rebound.
14:15 of 2nd period - Patrice Bergeron wins face-off versus Mike Richards in Rangers zone.
14:15 of 2nd period - Patrice Bergeron is hit by Mike Richards.
14:41 of 2nd period - Mike Cammalleri is hit by Sean Bergenheim.
14:45 of 2nd period - Backhand shot by Sean Bergenheim.
14:45 of 2nd period - Deflect By Cam Barker.
14:45 of 2nd period - Shot Misses the Net.
14:45 of 2nd period - Puck is out of play.
14:46 of 2nd period - Tyler Johnson wins face-off versus Stephen Weiss in Rangers zone.
14:47 of 2nd period - Snap shot by Sean Bergenheim.
14:47 of 2nd period - Deflect By Tyler Johnson.
14:47 of 2nd period - Stopped by Henrik Lundqvist without a rebound.
14:48 of 2nd period - Tyler Johnson wins face-off versus Stephen Weiss in Rangers zone.
14:59 of 2nd period - Snap shot by Tyler Johnson.
14:59 of 2nd period - Stopped by Henrik Lundqvist without a rebound.
15:00 of 2nd period - Patrice Bergeron wins face-off versus Mike Richards in Rangers zone.
15:05 of 2nd period - Phil Kessel is hit by Milan Lucic and loses puck.
15:16 of 2nd period - Snap shot by Patrice Bergeron.
15:16 of 2nd period - Stopped by Mike McKenna with a rebound.
15:30 of 2nd period - Wrist shot by Steve Downie.
15:30 of 2nd period - Stopped by Henrik Lundqvist with a rebound.
15:46 of 2nd period - Darren Reid is hit by Shea Weber and loses puck.
16:33 of 2nd period - Snap shot by Milan Lucic.
16:33 of 2nd period - Shot Misses the Net.
16:57 of 2nd period - Backhand shot by Sean Bergenheim.
16:57 of 2nd period - Stopped by Henrik Lundqvist with a rebound.
16:59 of 2nd period - Wrist shot by Sean Bergenheim.
16:59 of 2nd period - Stopped by Henrik Lundqvist without a rebound.
17:00 of 2nd period - Milan Lucic wins face-off versus Tomas Plekanec in Rangers zone.
17:06 of 2nd period - Off-side.
17:07 of 2nd period - Patrice Bergeron wins face-off versus Tomas Plekanec in neutral zone.
17:43 of 2nd period - Wrist shot by Sean Bergenheim.
17:43 of 2nd period - Shot Blocked by Matt Greene.
17:52 of 2nd period - Icing by Stephane Robidas.
17:53 of 2nd period - Stephen Weiss wins face-off versus Mike Richards in Red Wings zone.
18:11 of 2nd period - Minor Penalty to Mike Richards for Cross-checking.
18:12 of 2nd period - Tomas Plekanec wins face-off versus Milan Lucic in Red Wings zone.
18:12 of 2nd period - Tomas Plekanec is hit by Darren Reid.
18:33 of 2nd period - Rick Nash is hit by Mark Fistric and loses puck.
18:44 of 2nd period - Steve Downie is hit by Jakob Silfverberg and loses puck.
Goals for this period are 0 for Red Wings vs 2 for Rangers.
Shots for this period are 15 for Red Wings vs 12 for Rangers.
3rd period
0:01 of 3rd period - Patrice Bergeron wins face-off versus Tomas Plekanec in neutral zone.
0:11 of 3rd period - Penalty to Mike Richards is over, Mike Richards is back on ice.
0:18 of 3rd period - Snap shot by Mike Richards.
0:18 of 3rd period - Stopped by Henrik Lundqvist with a rebound.
0:20 of 3rd period - Wrist shot by Rick Nash.
0:20 of 3rd period - Stopped by Henrik Lundqvist with a rebound.
0:26 of 3rd period - Minor Penalty to Darren Reid for Hooking.
0:27 of 3rd period - Mike Richards wins face-off versus Milan Lucic in Rangers zone.
0:30 of 3rd period - Snap shot by Phil Kessel.
0:30 of 3rd period - Stopped by Henrik Lundqvist without a rebound.
0:31 of 3rd period - Mike Richards wins face-off versus Milan Lucic in Rangers zone.
1:28 of 3rd period - Patrice Bergeron is hit by Filip Kuba and loses puck.
2:26 of 3rd period - Penalty to Darren Reid is over, Darren Reid is back on ice.
2:35 of 3rd period - Slapshot by Chris Campoli.
2:35 of 3rd period - Deflect By Alex Picard.
2:35 of 3rd period - Shot Misses the Net.
2:35 of 3rd period - Puck is out of play.
2:36 of 3rd period - Nate Thompson wins face-off versus Artem Anisimov in Rangers zone.
2:50 of 3rd period - Minor Penalty to Darren Reid for Roughing.
2:51 of 3rd period - Mike Richards wins face-off versus Milan Lucic in Rangers zone.
4:50 of 3rd period - Penalty to Darren Reid is over, Darren Reid is back on ice.
5:48 of 3rd period - Mike Cammalleri is hit by Nate Thompson and loses puck.
6:11 of 3rd period - Snap shot by Chris Bourque.
6:11 of 3rd period - Stopped by Mike McKenna with a rebound.
6:54 of 3rd period - Patrice Bergeron is hit by Ales Hemsky and loses puck.
7:05 of 3rd period - Wrist shot by Artem Anisimov.
7:05 of 3rd period - Stopped by Mike McKenna without a rebound.
7:06 of 3rd period - Mike Richards wins face-off versus Artem Anisimov in Red Wings zone.
7:27 of 3rd period - Filip Kuba is hit by Matt Greene and loses puck.
7:31 of 3rd period - Adam Henrique is hit by Ryan Suter and loses puck.
7:36 of 3rd period - Mike Cammalleri is hit by Ole-Kristian Tollefsen and loses puck.
7:47 of 3rd period - Snap shot by Patrice Bergeron.
7:47 of 3rd period - Shot Blocked by Sean Bergenheim.
8:19 of 3rd period - Phil Kessel is hit by Darren Reid and loses puck.
8:52 of 3rd period - Ales Hemsky is hit by Stephen Weiss and loses puck.
9:13 of 3rd period - Filip Kuba is hit by Milan Lucic and loses puck.
9:32 of 3rd period - Slapshot by Filip Kuba.
9:32 of 3rd period - Shot Misses the Net.
9:38 of 3rd period - Mike Richards is hit by Artem Anisimov and loses puck.
9:57 of 3rd period - Snap shot by Nate Thompson.
9:57 of 3rd period - Stopped by Henrik Lundqvist without a rebound.
9:58 of 3rd period - Patrice Bergeron wins face-off versus Tyler Johnson in Rangers zone.
10:26 of 3rd period - Off-side.
10:27 of 3rd period - Mike Richards wins face-off versus Stephen Weiss in neutral zone.
10:30 of 3rd period - Slapshot by Phil Kessel.
10:30 of 3rd period - Shot Misses the Net.
10:54 of 3rd period - Snap shot by Rick Nash.
10:54 of 3rd period - Shot Misses the Net.
11:00 of 3rd period - Snap shot by Mike Richards.
11:00 of 3rd period - Stopped by Henrik Lundqvist with a rebound.
11:02 of 3rd period - Backhand shot by Phil Kessel.
11:02 of 3rd period - Shot Misses the Net.
11:04 of 3rd period - Wrist shot by Phil Kessel.
11:04 of 3rd period - Shot Misses the Net.
11:08 of 3rd period - Snap shot by Mike Richards.
11:08 of 3rd period - Shot Hit the Post.
11:14 of 3rd period - Wrist shot by Phil Kessel.
11:14 of 3rd period - Shot Misses the Net.
11:16 of 3rd period - Snap shot by Stephane Robidas.
11:16 of 3rd period - Stopped by Henrik Lundqvist with a rebound.
11:18 of 3rd period - Snap shot by Stephane Robidas.
11:18 of 3rd period - Shot Blocked by Patrice Bergeron.
11:20 of 3rd period - Snap shot by Phil Kessel.
11:20 of 3rd period - Stopped by Henrik Lundqvist with a rebound.
11:22 of 3rd period - Slapshot by Rick Nash.
11:22 of 3rd period - Deflect By Mike Richards.
11:22 of 3rd period - Stopped by Henrik Lundqvist without a rebound.
11:23 of 3rd period - Stephen Weiss wins face-off versus Tyler Johnson in Rangers zone.
11:23 of 3rd period - Stephen Weiss is hit by Shea Weber.
11:49 of 3rd period - Shea Weber is hit by Chris Bourque and loses puck.
11:57 of 3rd period - Off-side.
11:58 of 3rd period - Tyler Johnson wins face-off versus Patrice Bergeron in neutral zone.
12:13 of 3rd period - Filip Kuba is hit by Staffan Kronwall and loses puck.
12:24 of 3rd period - Slapshot by Stephane Robidas.
12:24 of 3rd period - Stopped by Henrik Lundqvist with a rebound.
12:26 of 3rd period - Wrist shot by Adam Henrique.
12:26 of 3rd period - Shot Blocked by Alexei Emelin.
12:34 of 3rd period - Snap shot by Tomas Plekanec.
12:34 of 3rd period - Stopped by Henrik Lundqvist with a rebound.
12:36 of 3rd period - Wrist shot by Ales Hemsky.
12:36 of 3rd period - Shot Misses the Net.
12:50 of 3rd period - Snap shot by Stephen Weiss.
12:50 of 3rd period - Stopped by Mike McKenna without a rebound.
12:51 of 3rd period - Patrice Bergeron wins face-off versus Mike Richards in Red Wings zone.
12:58 of 3rd period - Snap shot by Patrice Bergeron.
12:58 of 3rd period - Stopped by Mike McKenna with a rebound.
13:06 of 3rd period - Backhand shot by Milan Lucic.
13:06 of 3rd period - Shot Blocked by Ole-Kristian Tollefsen.
13:16 of 3rd period - Phil Kessel is hit by Artem Anisimov and loses puck.
13:23 of 3rd period - Snap shot by Darren Reid.
13:23 of 3rd period - Goal by Darren Reid - Red Wings : 2 - Rangers : 4.
13:24 of 3rd period - Patrice Bergeron wins face-off versus Tyler Johnson in neutral zone.
13:49 of 3rd period - Rick Nash is hit by Mike Cammalleri and loses puck.
13:56 of 3rd period - Matt Read is hit by Mike Richards and loses puck.
14:11 of 3rd period - Snap shot by Tomas Plekanec.
14:11 of 3rd period - Shot Misses the Net.
14:33 of 3rd period - Snap shot by Valtteri Filppula.
14:33 of 3rd period - Shot Misses the Net.
15:09 of 3rd period - Matt Greene is hit by Ole-Kristian Tollefsen and loses puck.
15:20 of 3rd period - Snap shot by Phil Kessel.
15:20 of 3rd period - Deflect By Mike Richards.
15:20 of 3rd period - Stopped by Henrik Lundqvist without a rebound.
15:21 of 3rd period - Ales Hemsky wins face-off versus Artem Anisimov in Rangers zone.
15:22 of 3rd period - Slapshot by Adam Henrique.
15:22 of 3rd period - Shot Misses the Net.
15:24 of 3rd period - Snap shot by Tomas Plekanec.
15:24 of 3rd period - Deflect By Ales Hemsky.
15:24 of 3rd period - Stopped by Henrik Lundqvist without a rebound.
15:25 of 3rd period - Tomas Plekanec wins face-off versus Artem Anisimov in Rangers zone.
15:36 of 3rd period - Wrist shot by Tomas Plekanec.
15:36 of 3rd period - Goal by Tomas Plekanec - Red Wings : 3 - Rangers : 4.
15:37 of 3rd period - Artem Anisimov wins face-off versus Tomas Plekanec in neutral zone.
15:40 of 3rd period - Slapshot by Cam Barker.
15:40 of 3rd period - Deflect By Chris Bourque.
15:40 of 3rd period - Stopped by Mike McKenna with a rebound.
15:42 of 3rd period - Slapshot by Cam Barker.
15:42 of 3rd period - Goal by Cam Barker - Red Wings : 3 - Rangers : 5.
15:43 of 3rd period - Artem Anisimov wins face-off versus Adam Henrique in neutral zone.
15:46 of 3rd period - Backhand shot by Darren Reid.
15:46 of 3rd period - Stopped by Mike McKenna without a rebound.
15:47 of 3rd period - Adam Henrique wins face-off versus Artem Anisimov in Red Wings zone.
15:59 of 3rd period - Icing by Tomas Plekanec.
16:00 of 3rd period - Artem Anisimov wins face-off versus Tomas Plekanec in Red Wings zone.
16:18 of 3rd period - Artem Anisimov is hit by Tomas Plekanec and loses puck.
16:29 of 3rd period - Wrist shot by Adam Henrique.
16:29 of 3rd period - Stopped by Henrik Lundqvist with a rebound.
16:31 of 3rd period - Snap shot by Ales Hemsky.
16:31 of 3rd period - Shot Misses the Net.
16:33 of 3rd period - Snap shot by Tomas Plekanec.
16:33 of 3rd period - Deflect By Mark Fistric.
16:33 of 3rd period - Stopped by Henrik Lundqvist without a rebound.
16:34 of 3rd period - Jakob Silfverberg wins face-off versus Mike Richards in Rangers zone.
17:27 of 3rd period - Snap shot by Nathan Gerbe.
17:27 of 3rd period - Stopped by Mike McKenna with a rebound.
17:29 of 3rd period - Snap shot by Nathan Gerbe.
17:29 of 3rd period - Stopped by Mike McKenna with a rebound.
18:00 of 3rd period - Off-side.
18:01 of 3rd period - Mike Richards wins face-off versus Patrice Bergeron in neutral zone.
18:38 of 3rd period - Wrist shot by Milan Lucic.
18:38 of 3rd period - Shot Blocked by Stephane Robidas.
18:56 of 3rd period - Slapshot by Patrice Bergeron.
18:56 of 3rd period - Shot Blocked by Filip Kuba.
19:30 of 3rd period - Wrist shot by Matt Read.
19:30 of 3rd period - Goal by Matt Read - Red Wings : 3 - Rangers : 6.
19:31 of 3rd period - Mike Richards wins face-off versus Stephen Weiss in neutral zone.
19:34 of 3rd period - Slapshot by Shea Weber.
19:34 of 3rd period - Shot Misses the Net.
19:36 of 3rd period - Slapshot by Ole-Kristian Tollefsen.
19:36 of 3rd period - Stopped by Henrik Lundqvist without a rebound.
19:37 of 3rd period - Mike Richards wins face-off versus Stephen Weiss in Rangers zone.
19:50 of 3rd period - Snap shot by Phil Kessel.
19:50 of 3rd period - Stopped by Henrik Lundqvist with a rebound.
19:52 of 3rd period - Wrist shot by Ole-Kristian Tollefsen.
19:52 of 3rd period - Stopped by Henrik Lundqvist with a rebound.
19:54 of 3rd period - Wrist shot by Rick Nash.
19:54 of 3rd period - Shot Misses the Net.
Goals for this period are 1 for Red Wings vs 3 for Rangers.
Shots for this period are 18 for Red Wings vs 11 for Rangers.
0:00 - Minor Penalty to Matt Read for Holding.
Back to the Top